 Dungeon Crawl Stone Soup version 0.26-a0-708-g17f3b190f9 (webtiles) character file.

Game seed: 3638934238881646098

778 lunkers the Chopper (level 7, -4/67 HPs)
             Began as a Deep Dwarf Fighter on Oct 28, 2020.
             Slain by a gnoll
             ... wielding a +0 flail
              (6 damage)
             ... on level 4 of the Dungeon.
             The game lasted 00:05:19 (2322 turns).

lunkers the Chopper (Deep Dwarf Fighter)            Turns: 2322, Time: 00:05:20

Health: -4/67      AC:  7    Str: 20    XL:     7   Next: 54%
Magic:  4/4        EV:  7    Int:  8    God:
Gold:   185        SH:  9    Dex: 14    Spells: 6/6 levels left

rFire    . . .     SeeInvis .   a - +0 war axe
rCold    . . .     Faith    .   c - +0 kite shield
rNeg     . . .     Spirit   .   b - +0 scale mail
rPois    .         Reflect  .   (no helmet)
rElec    .         Harm     .   (no cloak)
rCorr    .         Rampage  .   (no gloves)
MR       +....                  (no boots)
Stlth    ..........             (no amulet)
HPRegen  0.00/turn              (no ring)
MPRegen  0.09/turn              (no ring)

@: lethally poisoned (-4 -> -4), non-regenerating
A: damage resistance, heal wounds, sense surroundings 1, no regeneration
a: Heal Wounds


You were on level 4 of the Dungeon.
You visited 1 branch of the dungeon, and saw 4 of its levels.
You also visited: Sewer.

You collected 185 gold pieces.

Inventory:

Hand Weapons
 a - a +0 war axe (weapon)
Armour
 b - a +0 scale mail (worn)
 c - a +0 kite shield (worn)
Jewellery
 m - an uncursed amulet of regeneration {unknown}
Scrolls
 e - 3 scrolls of teleportation {unknown}
 n - a scroll of identify {unknown}
 o - 2 scrolls of remove curse {unknown}
 p - a scroll of fog {unknown}
Potions
 d - 5 potions of might
 f - a potion of cancellation {unknown}
 g - a potion of heal wounds {unknown}
 h - 2 potions of invisibility {unknown}
 i - a potion of resistance {unknown}
 j - 2 potions of lignification {unknown}
 k - 2 potions of curing {unknown}
 l - a potion of haste {unknown}
 q - 2 potions of flight {unknown}


   Skills:
 + Level 5.0 Fighting
 * Level 7.7 Axes
 + Level 3.9 Armour
 - Level 3.2 Shields


You had 6 spell levels left.
You didn't know any spells.
Your spell library was empty.

Dungeon Overview and Level Annotations

Branches:
Dungeon (4/15)              Sewer (visited)
 Temple: D:4-7

Altars:


Innate Abilities, Weirdness & Mutations

You are resistant to damage.
You can heal yourself by infusing magical energy.
You passively map a small area around you.
You do not regenerate.


Message History

The orc priest calls down the wrath of Beogh upon you.
Beogh smites you!
* * * LOW HITPOINT WARNING * * *
The orc barely misses you.
You slash the orc priest!
The orc priest is severely wounded.
You hit the gnoll but do no damage. You closely miss the orc.
The gnoll hits you with a +0 flail!
* * * LOW HITPOINT WARNING * * *
You block the gnoll's attack.
The orc priest calls down the wrath of Beogh upon you.
Beogh smites you!
* * * LOW HITPOINT WARNING * * *
You barely miss the orc priest.
The orc priest is severely wounded.
You slash the orc!
You kill the orc!
You hit the gnoll. You block the gnoll's attack.
The gnoll hits you with a +0 flail!
You die...

######)...# #.....#...),
......###.#######......(##..,*,
, ......###..........######*...
......#........##..#### * .#.
.......................
......########.....##* *
......# ###...####. , ......#
#........ .<....# #@.######
####### *#ogo...# * #.og.##..#*
* * *...#o.# ... *,, ..#....#
*#.* * ###..#.## , #.*#.# * *
*..*..# * , * ,**


You could see an orc priest, 2 gnolls and 3 orcs.

Vanquished Creatures
  Sigmund (D:3)
  An ogre (D:4)
  A phantom (D:4)
  A lemure (D:4)
  2 big kobolds (Sewer)
  An orc wizard (D:3)
  A gnoll shaman (D:4)
  A worker ant (D:4)
  2 gnolls (D:4)
  2 river rats (D:4)
  9 adders
  3 oozes (Sewer)
  An adder skeleton (D:4)
  5 worms
  2 dart slugs (D:1)
  2 leopard geckos
  7 orcs
  5 giant cockroaches
  4 goblins
  6 hobgoblins
  5 jackals
  9 kobolds
  A quokka (D:2)
  2 ball pythons
  4 bats
  4 frilled lizards
  8 rats
90 creatures vanquished.

Vanquished Creatures (others)
  A plant (D:2)
1 creature vanquished.

Grand Total: 91 creatures vanquished

Notes
Turn   | Place    | Note
-------+----------+-------------------------------------------
     0 | D:1      | lunkers the Deep Dwarf Fighter began the quest for the Orb.
     0 | D:1      | Reached XP level 1. HP: 20/20 MP: 1/1
    71 | D:1      | Noticed a troll
   192 | D:1      | Reached XP level 2. HP: 25/27 MP: 2/2
   197 | D:1      | Reached skill level 3 in Axes
  1055 | D:2      | Reached XP level 3. HP: 32/34 MP: 3/3
  1614 | D:3      | Reached skill level 4 in Axes
  1693 | D:3      | Noticed Sigmund
  1703 | D:3      | Reached XP level 4. HP: 30/42 MP: 4/4
  1734 | D:3      | HP: 1/42 [something (11)]
  1740 | D:3      | Killed Sigmund
  1740 | D:3      | Reached skill level 5 in Axes
  1740 | D:3      | Reached XP level 5. HP: 34/50 MP: 5/5
  1746 | D:3      | You fall into a shaft and drop 1 floor!
  1753 | D:4      | Reached XP level 6. HP: 33/57 MP: 6/6
  1758 | D:4      | Reached skill level 6 in Axes
  1881 | D:4      | Found a glowing drain.
  1885 | Sewer    | Entered a sewer
  2086 | Sewer    | Reached XP level 7. HP: 37/66 MP: 5/5
  2107 | Sewer    | Reached skill level 7 in Axes
  2289 | D:4      | Reached skill level 5 in Fighting
  2321 | D:4      | HP: 2/67 [orc priest/divine providence (13)]
  2322 | D:4      | Slain by a gnoll

Illustrated notes

Levels and vault maps discovered:
D:1:      erik_arrival_cave_to_civilisation [erik_arrival_cave_to_temple],
          layout_basic, minmay_heptomino_h4
D:2:      layout_basic, serial_forest, infiniplex_forest_clump_double,
          infiniplex_forest_lined_2, infiniplex_forest_lined_corner,
          infiniplex_forest_lined_ring, infiniplex_forest_lined_room_2
D:3:      layout_rooms, uniq_sigmund
D:4:      layout_rooms, gup_sewer_entry_spiral, serial_shops,
          nicolae_shop_window_shopping, nicolae_ossuary_entry_plus, uniq_pikel

Skill      XL: |  1  2  3  4  5  6  7 |
---------------+----------------------+-----
Axes           | 3 4 5 6 7 |  7.7
Fighting       | 3 4 5 |  5.0
Armour         | |  3.9
Shields        | |  3.2

Action                   |  1- 3 |  4- 6 |  7- 9 || total
-------------------------+-------+-------+-------++-------
Melee: War axe           |   109 |   189 |    74 ||   372
 Abil: Heal Wounds       |       |     4 |     3 ||     7
Armor: Scale mail        |    43 |    57 |    20 ||   120
Dodge: Dodged            |    43 |    58 |    17 ||   118
Block: Kite shield       |    61 |   117 |    32 ||   210

Table legend: (Time is in decaauts)
 A = Elapsed time spent in this place.
 B = Non-inter-level travel time spent in this place.
 C = Inter-level travel time spent in this place.
 D = Time resting spent in this place.
 E = Time spent auto-exploring this place.
 F = Levels seen in this place.
 G = Mean time per level.
                   A        B        C        D        E       F      G
               +--------+--------+--------+--------+--------+-----+--------+
         Total |   2530 |   2464 |     66 |      0 |   1565 |   5 |  506.0 |
       Dungeon |   2127 |   2061 |     66 |      0 |   1463 |   4 |  531.8 |
         Sewer |    402 |    402 |      0 |      0 |    102 |   1 |  402.0 |
               +--------+--------+--------+--------+--------+-----+--------+

Top non-repeatable levels by time:
     D:1: 1075 daAuts
     D:2: 565 daAuts
   Sewer: 402 daAuts
     D:4: 323 daAuts
     D:3: 163 daAuts
